 Dungeon Crawl Stone Soup version 0.27-a0-1322-gfdffb62a71 (webtiles) character file.

Game seed: 17228798904960205757

81 pokeman the Magician (level 4, 0/25 HPs)
             Began as a Deep Elf Hedge Wizard on June 22, 2021.
             Slain by a hound (2 damage)
             ... on level 3 of the Dungeon.
             The game lasted 00:06:57 (3728 turns).

pokeman the Magician (Deep Elf Hedge Wizard)        Turns: 3728, Time: 00:06:58

Health: 0/25       AC:  3    Str:  7    XL:     4   Next: 20%
Magic:  1/13       EV: 12    Int: 20    God:
Gold:   60         SH:  0    Dex: 14    Spells: 3/14 levels left

rFire    . . .     SeeInvis .   a - +0 dagger
rCold    . . .     Faith    .   (no shield)
rNeg     . . .     Spirit   .   h - +0 leather armour
rPois    .         Reflect  .   c - +0 hat
rElec    .         Harm     .   (no cloak)
rCorr    .         Rampage  .   (no gloves)
Will     .....                  (no boots)
Stlth    ++........             (no amulet)
HPRegen  0.08/turn              (no ring)
MPRegen  0.13/turn              (no ring)

@: very slightly contaminated
A: no striking features
a: no special abilities


You were on level 3 of the Dungeon.
You visited 1 branch of the dungeon, and saw 3 of its levels.

You collected 60 gold pieces.

Inventory:

Hand Weapons
 a - a +0 dagger (weapon)
Missiles
 e - 25 arrows
Armour
 c - a +0 hat (worn)
 h - a +0 leather armour (worn)
Scrolls
 f - 2 scrolls of noise {unknown}
 j - a scroll of blinking {unknown}
 k - 2 scrolls of torment {unknown}
 l - 4 scrolls of identify {unknown}
 n - a scroll of brand weapon {unknown}
 p - a scroll of magic mapping {unknown}
Potions
 b - a potion of haste
 d - a potion of magic {unknown}
 g - a potion of flight {unknown}
 i - a potion of heal wounds {unknown}
 m - a potion of might {unknown}
 o - 2 potions of curing {unknown}


   Skills:
 - Level 1.0 Fighting
 - Level 1.0 Armour
 + Level 2.6 Dodging
 - Level 2.4 Stealth
 * Level 5.6 Spellcasting
 + Level 2.1 Conjurations
 - Level 1.1 Summonings
 - Level 1.1 Translocations
 + Level 0.6 Fire Magic


You had 3 spell levels left.
You knew the following spells:

 Your Spells              Type           Power      Damage    Failure   Level
a - Magic Dart            Conj           56%        1d5       7%          1
b - Mephitic Cloud        Conj/Pois/Air  8%         N/A       34%         3
c - Call Imp              Summ           10%        N/A       16%         2
d - Blink                 Tloc           N/A        N/A       16%         2
e - Conjure Flame         Conj/Fire      11%        6-21      26%         3

Your spell library contained the following spells:

 Spells                   Type           Power      Damage    Failure   Level
 Slow                     Hex            5%         N/A       24%         2


Dungeon Overview and Level Annotations

Branches:
Dungeon (3/15)

Altars:
Makhleb


Message History

The hound is severely wounded.
The hound closely misses you.
Casting: Magic Dart (safe; 7% risk of failure)
Confirm with . or Enter, or press ? or * to list all spells.
Aiming: Magic Dart (safe; 7% risk of failure)
Press: ? - help, Shift-Dir - straight line, f/p - hound
Aim: a hound (severely wounded, 100% to hit)
The magic dart hits the hound but does no damage.
The hound is severely wounded.
The hound closely misses you. The hound barely misses you.
Casting: Magic Dart (safe; 7% risk of failure)
Confirm with . or Enter, or press ? or * to list all spells.
Aiming: Magic Dart (safe; 7% risk of failure)
Press: ? - help, Shift-Dir - straight line, f/p - hound
Aim: a hound (severely wounded, 100% to hit)
The magic dart hits the hound.
The hound is almost dead.
The hound bites you.
Casting: Magic Dart (safe; 7% risk of failure)
Confirm with . or Enter, or press ? or * to list all spells.
Aiming: Magic Dart (safe; 7% risk of failure)
Press: ? - help, Shift-Dir - straight line, f/p - hound
Aim: a hound (almost dead, 100% to hit)
The magic dart hits the hound.
The hound is almost dead.
The hound barely misses you. The hound bites you.
* * * LOW HITPOINT WARNING * * *
Casting: Magic Dart (safe; 7% risk of failure)
Confirm with . or Enter, or press ? or * to list all spells.
Aiming: Magic Dart (safe; 7% risk of failure)
Press: ? - help, Shift-Dir - straight line, f/p - hound
Aim: a hound (almost dead, 100% to hit)
You miscast Magic Dart.
You are very lightly contaminated with residual magic.
Nothing appears to happen.
The hound bites you.
* * * LOW HITPOINT WARNING * * *
You closely miss the hound.
The hound is almost dead.
The hound bites you.
You die...

#.......###..<...........
##.....###........######.
#.......##.####..##
#......)##. #..#
#.......... #####
##......######....
......##..!....#
..###.##$...h..#
.......@...#
.####..........
.........._.#
####.........#
#........## #......###
#......# ########


You could see a hound.

Vanquished Creatures
  An adder (D:2)
  2 worms
  2 dart slugs (D:2)
  8 bats
  4 endoplasms
  2 giant cockroaches
  4 goblins
  8 hobgoblins
  10 jackals
  5 kobolds
  A quokka (D:2)
  6 ball pythons
  2 frilled lizards
  A rat (D:1)
56 creatures vanquished.

Vanquished Creatures (others)
  3 plants (D:1)
3 creatures vanquished.

Grand Total: 59 creatures vanquished

Notes
Turn   | Place    | Note
-------+----------+-------------------------------------------
     0 | D:1      | pokeman the Deep Elf Hedge Wizard began the quest for the
                  | Orb.
     0 | D:1      | Reached XP level 1. HP: 10/10 MP: 7/7
   303 | D:1      | Reached XP level 2. HP: 15/15 MP: 6/9
   662 | D:1      | Found a faded altar of an unknown god.
  1146 | D:1      | Reached skill level 5 in Spellcasting
  1496 | D:2      | Reached XP level 3. HP: 12/20 MP: 8/11
  1568 | D:2      | Learned a level 3 spell: Mephitic Cloud
  1571 | D:2      | Learned a level 2 spell: Call Imp
  1574 | D:2      | Learned a level 2 spell: Blink
  1578 | D:2      | Learned a level 3 spell: Conjure Flame
  1973 | D:2      | Reached skill level 1 in Fighting
  1973 | D:2      | Reached skill level 1 in Armour
  2515 | D:2      | Reached XP level 4. HP: 25/25 MP: 9/13
  3601 | D:3      | Noticed an ice beast
  3713 | D:3      | Found a burning altar of Makhleb.
  3728 | D:3      | Slain by a hound

Illustrated notes

Levels and vault maps discovered:
D:1:      dpeg_arrival_snail, layout_basic,
          hellmonk_ecumenical_altar_inner_sanctum, serial_forest,
          infiniplex_forest_side_room, infiniplex_forest_clump_C,
          infiniplex_forest_lined_2, infiniplex_forest_lined_3_way,
          infiniplex_forest_straight_2, infiniplex_forest_zigzag_1
D:2:      layout_loops_corners, serial_aquarium, aquarium_bridge_square
          [aquarium_subvault_bridge, aquarium_subvault_wall,
          aquarium_subvault_wall, aquarium_subvault_bridge], aquarium_window_1,
          aquarium_window_fake, aquarium_window_fake, aquarium_window_2,
          aquarium_view_2a, minmay_misc_feat_roman, st_stairs_10,
          hangedman_abyss_or_decor_lesser_grid
D:3:      layout_rooms, bloody_makhleb, minmay_bisected

Skill      XL: |  1  2  3 |
---------------+----------+-----
Spellcasting   | 5 |  5.6
Fighting       | 1 |  1.0
Armour         | 1 |  1.0
Conjurations   | 2 |  2.1
Dodging        | |  2.6
Stealth        | |  2.4
Summonings     | |  1.1
Translocations | |  1.1
Fire Magic     | |  0.6

Action                   |  1- 3 |  4- 6 || total
-------------------------+-------+-------++-------
Melee: Dagger            |    42 |     1 ||    43
 Cast: Magic Dart        |   134 |    51 ||   185
       Conjure Flame     |       |     1 ||     1
Armor: Robe              |    20 |       ||    20
       Leather armour    |    12 |     1 ||    13
Dodge: Dodged            |    80 |    18 ||    98

Table legend: (Time is in decaauts)
 A = Elapsed time spent in this place.
 B = Non-inter-level travel time spent in this place.
 C = Inter-level travel time spent in this place.
 D = Time resting spent in this place.
 E = Time spent auto-exploring this place.
 F = Levels seen in this place.
 G = Mean time per level.
                   A        B        C        D        E       F      G
               +--------+--------+--------+--------+--------+-----+--------+
         Total |   3732 |   3573 |    159 |    739 |   2367 |   3 | 1244.0 |
       Dungeon |   3732 |   3573 |    159 |    739 |   2367 |   3 | 1244.0 |
               +--------+--------+--------+--------+--------+-----+--------+

Top non-repeatable levels by time:
     D:1: 1857 daAuts
     D:2: 1794 daAuts
     D:3: 81 daAuts
